Map: Dreamcatcher LE

Players

Namshar

  • Race: Zerg Zerg
  • Spawn Location: 11:00

Kelazhur - Winner!

  • Race: Terran Terran
  • Spawn Location: 5:00

Event: WCS Montreal 2018

VOD

Have the link to the VOD?

Description

Time

  • Played on: Sept. 7, 2018, 6:56 p.m.
  • Length: 9:35

All games in this series

Show
View Real Time Build Order
Export as new Build Order

Namshar Zerg 

Build Orders: Hatch First 

Get SALT Encoding   

  12  0:00  Drone  
  13  0:12  Overlord  
  13  0:17  Drone  
  14  0:30  Drone x2  
  14  0:34  Drone  
  17  0:51  Hatchery  
  17  0:54  Drone  
  17  0:57  Drone  
  18  1:08  Extractor  
  17  1:12  Spawning Pool  
  17  1:15  Drone  
  18  1:18  Drone  
  18  1:27  Drone  
  19  1:38  Drone  
  20  1:48  Overlord  
  20  1:59  Queen  
  22  2:02  Queen  
  22  2:04  Zergling x4  
  26  2:11  Drone  
  27  2:19  Hatchery  
  26  2:24  Drone  
  26  2:27  Drone  
  28  2:33  Drone x2  
  28  2:36  Zergling x2  
  30  2:39  Spore Crawler  
  29  2:45  Metabolic Boost  
  29  2:46  Queen  
  32  2:51  Overlord  
  32  2:54  Drone  
  32  2:57  Drone  
  34  2:59  Drone  
  35  3:07  Drone  
  35  3:08  Overlord  
  36  3:17  Drone x2  
  36  3:18  Drone x2  
  40  3:20  Queen  
  40  3:25  Queen  
  44  3:31  Queen  
  46  3:37  Zergling x2  
  46  3:38  Zergling x4  
  48  3:51  Drone x3  
  48  3:52  Overlord  
  48  3:54  Drone x2  
  48  3:55  Drone  
  54  3:57  Drone x2  
  54  3:58  Drone  
  57  4:19  Queen  
  57  4:20  Drone  
  57  4:21  Overlord  
  57  4:22  Drone x2  
  57  4:23  Extractor, Drone  
  57  4:24  Drone x3  
  65  4:28  Zergling x2  
  65  4:30  Overlord  
  66  4:33  Overlord  
  66  4:38  Baneling Nest  
  66  4:40  Drone  
  66  4:41  Drone x2  
  66  4:42  Zergling x8  
  66  4:45  Overlord  
  72  4:46  Zergling x4  
  72  4:48  Overlord x2  
  74  4:54  Queen  
  74  4:56  Zergling x6  
  79  5:01  Evolution Chamber  
  79  5:03  Zergling x2  
  79  5:04  Zergling x4, Evolution Chamber  
  80  5:12  Zergling x4  
  80  5:13  Zergling x6  
  85  5:17  Lair  
  83  5:24  Zergling x2  
  83  5:25  Zergling x6  
  87  5:29  Zerg Ground Armor Level 1  
  87  5:31  Extractor  
  87  5:32  Extractor, Drone  
  87  5:33  Drone x5  
  91  5:37  Overlord  
  91  5:38  Overlord  
  91  5:50  Overlord  
  91  5:51  Overlord  
  91  5:52  Zerg Melee Weapons Level 1  
  91  5:53  Drone x2  
  93  6:01  Baneling x4  
  93  6:02  Baneling  
  93  6:04  Drone x4  
  93  6:05  Drone x3  
  93  6:06  Drone  
  93  6:09  Zergling x6  
  104  6:15  Zergling x4  
  104  6:17  Queen  
  104  6:18  Zergling x6  
  108  6:19  Zergling x2, Baneling x2  
  110  6:32  Zergling x6  
  102  6:34  Zergling x6  
  102  6:36  Baneling x4  
  102  6:37  Zergling x2  
  106  6:44  Zergling x2  
  93  6:57  Zergling x2  
  93  6:58  Zergling x8, Queen x2  
  92  7:04  Zergling x2  
  92  7:05  Zergling x2  
  81  7:11  Hatchery  
  81  7:12  Zergling x12  
  81  7:16  Baneling x4  
  81  7:17  Baneling  
  81  7:18  Baneling x3  
  81  7:19  Zergling x2  
  81  7:29  Zergling x4  
  82  7:32  Baneling x4  
  82  7:34  Zergling x2  
  83  7:37  Queen x2  
  83  7:41  Centrifical Hooks  
  87  7:45  Zergling x2  
  87  7:46  Zergling x2  
  89  7:55  Zergling x2  
  87  8:04  Zergling x4  
  89  8:05  Hatchery  
  89  8:11  Zergling x10  
  89  8:12  Zergling x2  
  94  8:19  Zergling x2  
  95  8:30  Zergling x2  
  95  8:31  Zergling x4  
  98  8:47  Zergling x2  
  98  8:48  Zergling x10  
  88  9:03  Zergling x2  
  88  9:04  Zergling x4, Baneling  
  88  9:05  Baneling x11  
  92  9:12  Extractor  
  92  9:13  Extractor, Zergling x14  
Show
View Real Time Build Order
Export as new Build Order

Kelazhur Terran - Winner!

Build Orders: Reaper Expand, MMM Bio 

Get SALT Encoding   

  12  0:00  SCV  
  13  0:12  SCV  
  14  0:17  Supply Depot  
  14  0:24  SCV  
  15  0:39  SCV  
  15  0:40  Barracks  
  16  0:43  Refinery  
  16  0:51  SCV  
  17  1:03  SCV  
  18  1:15  SCV  
  19  1:27  Reaper, Orbital Command  
  20  1:39  Command Center  
  20  1:50  Barracks  
  20  1:54  SCV  
  21  1:59  Barracks Reactor  
  21  2:03  Supply Depot  
  21  2:06  SCV  
  22  2:11  Refinery  
  22  2:18  SCV  
  23  2:25  Factory  
  23  2:31  SCV  
  23  2:36  Marine x2  
  26  2:43  SCV  
  27  2:46  Barracks Tech Lab  
  27  2:50  Orbital Command  
  27  2:55  SCV  
  27  2:56  Marine x2  
  30  3:05  Marine  
  30  3:06  Stimpack  
  30  3:07  SCV  
  32  3:14  Starport  
  32  3:16  SCV  
  33  3:20  Marine x2  
  33  3:22  SCV  
  33  3:25  Factory Reactor  
  36  3:32  SCV  
  36  3:34  Marine  
  37  3:35  SCV  
  37  3:38  Marine x2  
  37  3:40  Supply Depot  
  41  3:44  SCV  
  41  3:46  Supply Depot  
  41  3:47  SCV  
  43  3:52  Marine  
  44  3:56  SCV, Marine  
  44  4:01  SCV, Marine  
  48  4:06  Medivac x2  
  48  4:08  SCV  
  48  4:09  Supply Depot  
  53  4:11  Marine  
  53  4:13  Factory Tech Lab  
  53  4:14  SCV  
  54  4:19  Marine x2  
  54  4:20  Engineering Bay  
  54  4:24  SCV  
  57  4:28  SCV, Refinery  
  57  4:29  Marine  
  59  4:33  Siege Tank  
  59  4:36  SCV  
  63  4:40  Marine x2  
  63  4:41  SCV  
  66  4:48  SCV  
  66  4:49  Barracks  
  66  4:50  Supply Depot  
  66  4:51  Supply Depot  
  67  4:52  Marine  
  67  4:58  Marine x2  
  70  5:04  Terran Infantry Weapons Level 1  
  70  5:07  Combat Shields  
  70  5:11  SCV x2  
  70  5:13  Supply Depot  
  72  5:17  Siege Tank  
  72  5:20  Marine x2  
  72  5:21  Marine  
  77  5:24  SCV x2  
  77  5:26  Supply Depot  
  77  5:28  Medivac  
  82  5:36  SCV x2  
  82  5:37  Marine x2  
  82  5:42  Marine x3  
  89  5:51  SCV  
  90  5:57  Command Center, Marine x2  
  90  6:00  Marine  
  90  6:02  Siege Tank  
  90  6:03  Starport Reactor  
  96  6:07  Refinery, Marine  
  96  6:11  Marine  
  98  6:17  Marine x2  
  98  6:18  Marine  
  100  6:32  Marine  
  98  6:35  Marine x2, Siege Tank  
  102  6:48  Barracks  
  102  6:49  Marine  
  102  6:50  Barracks, Marine  
  101  6:55  Medivac x2  
  101  6:56  Marine x2  
  101  6:59  Terran Infantry Armor Level 1  
  100  7:06  Marine  
  100  7:07  Siege Tank  
  97  7:08  SCV  
  97  7:09  Marine x2  
  97  7:10  Orbital Command  
  97  7:13  Marine  
  100  7:15  Marine  
  100  7:17  Armory  
  100  7:18  Engineering Bay  
  101  7:24  Marine  
  101  7:26  Marine  
  103  7:30  SCV  
  103  7:31  Marine  
  105  7:38  Orbital Command  
  105  7:39  SCV  
  105  7:40  Barracks Reactor x2  
  106  7:49  Marine x2  
  106  7:50  SCV  
  109  7:57  Marine x2  
  111  7:59  Marine  
  111  8:05  SCV  
  113  8:06  Siege Tank  
  113  8:07  Medivac  
  117  8:13  Medivac, SCV x2, Marine  
  117  8:14  Marine  
  117  8:15  Marine  
  117  8:17  SCV  
  125  8:22  Marine x4  
  125  8:24  Marine x2  
  125  8:25  SCV x2  
  133  8:36  Supply Depot  
  133  8:38  Supply Depot  
  133  8:39  Supply Depot  
  133  8:40  Medivac, SCV, Marine x3  
  139  8:43  Medivac  
  139  8:45  Siege Tank  
  139  8:46  SCV  
  139  8:50  Marine  
  139  8:52  SCV x2  
  140  8:58  SCV  
  140  9:02  Marine x4  
  143  9:03  Marine  
  143  9:09  Marine  
  146  9:10  Supply Depot  
Tags
 
Add a new tag
Caveats
  • Supply blocks, unpowered buildings, or Contaminate may cause inaccurate times.
  • Supply counts are checked every 10 seconds.